 Dungeon Crawl Stone Soup version 0.31-a0-1009-g454b1f1e0a (webtiles) character file.

Game seed: 15213548110718158303

1057 Azuregosa the Covert (level 8, -1/57 (58) HPs)
             Began as an Octopode Delver on Nov 15, 2023.
             Was an Initiate of Gozag.
             Slain by a wight
             ... wielding a +4 trident
              (10 damage)
             ... on level 6 of the Dungeon.
             The game lasted 00:12:28 (4223 turns).

Azuregosa the Covert (Octopode Delver)              Turns: 4223, Time: 00:12:28

HP:   -1/57 (58)    AC:  1    Str: 11    XL:     8   Next: 27%
MP:   8/8           EV: 13    Int: 20    God:    Gozag
Gold: 730           SH:  0    Dex: 14    Spells: 5/7 levels left

rFire   . . .        y - +2 spear (vamp)
rCold   . . .        (no shield)
rNeg    + . .        (helmet restricted)
rPois   +            o - amulet of regeneration
rElec   .            g - +6 ring of intelligence
rCorr   .            p - ring of poison resistance
SInv    .            x - ring of positive energy
Will    .....        (no ring)
Stlth   ++++++       (no ring)
HPRegen 1.09/turn    (no ring)
MPRegen 0.11/turn    (no ring)
                     (no ring)

%: no passive effects
@: gold aura, lightly drained
A: almost no armour, amphibious, 8 rings, camouflage 1, gelatinous body 1,
(nimble swimmer 1), tentacles
a: Renounce Religion, Potion Petition, Call Merchant, Bribe Branch


You were on level 6 of the Dungeon.
You worshipped Gozag.
Gozag was pleased with you.
You visited 2 branches of the dungeon, and saw 7 of its levels.

You collected 811 gold pieces.
You paid 81 gold pieces to Gozag.

Inventory:

Hand Weapons
 a - a +0 mace
 i - a +0 sling
 l - a +0 scimitar
 y - a +2 vampiric spear (weapon)
 D - a +1 flail of holy wrath
Missiles
 j - 63 stones
 C - 6 javelins
Magical Staves
 q - a staff of conjuration
Jewellery
 g - a +6 ring of intelligence (left tentacle)
 o - an amulet of regeneration (around mantle)
 p - a ring of poison resistance (right tentacle)
 x - a ring of positive energy (on tentacle)
Talismans
 r - a flux talisman
Wands
 f - a wand of digging (10)
Scrolls
 b - a scroll of fog
 d - 2 scrolls of fear
 k - a scroll of vulnerability {unknown}
 m - 7 scrolls of identify {unknown}
 n - 2 scrolls of enchant armour {unknown}
 s - 3 scrolls of teleportation {unknown}
 t - 2 scrolls of amnesia {unknown}
 v - a scroll of blinking {unknown}
 w - a scroll of immolation {unknown}
 E - a scroll of revelation
 F - a scroll of torment {unknown}
Potions
 c - a potion of degeneration {unknown}
 e - a potion of haste
 h - 3 potions of curing
 u - a potion of heal wounds {unknown}
 z - 3 potions of lignification {unknown}
 A - a potion of ambrosia {unknown}
 B - a potion of brilliance {unknown}
 G - a potion of enlightenment {unknown}


   Skills:
 + Level 6.3 Fighting
 - Level 2.0 Maces & Flails
 - Level 2.0 Dodging
 - Level 12.5 Stealth


You had 5 spell levels left.
You knew the following spells:

 Your Spells              Type           Power      Damage    Failure   Level
a - Blink                 Tloc           0%         N/A       28%         2

Your spell library contained the following spells:

 Spells                   Type           Power      Damage    Failure   Level
 Lesser Beckoning         Tloc           0%         N/A       28%         2
 Momentum Strike          Conj/Tloc      0%         3d8       28%         2


Dungeon Overview and Level Annotations

Branches:
Dungeon (6/15)             Temple (1/1) D:5

Altars:
Ashenzari
Cheibriados
Dithmenos
Gozag
Hepliaklqana
Kikubaaqudgha
Makhleb
Nemelex Xobeh
Okawaru
Sif Muna
Trog
Uskayaw
Wu Jian
Xom
Yredelemnul
Zin

Shops:
D:1 :


Innate Abilities, Weirdness & Mutations

You cannot wear most types of armour.
You are amphibious.
You can wear up to eight rings at the same time.
Your skin changes colour to match your surroundings (Stealth+).
Your rubbery body absorbs attacks. (AC +1, EV +1)
((You are camouflaged when in or above water. (Stealth+)))
You have tentacles for arms and can constrict up to eight enemies at once.


Message History

The wight hits you with a +0 hand axe. You partially resist.
You feel drained.
You hit the wight but do no damage.
The wight is moderately damaged.
You constrict the wight. The wight barely misses you.
The wight hits you with a +0 hand axe. You partially resist.
You feel drained.
You barely miss the wight.
The wight is heavily damaged.
You constrict the wight. The wight closely misses you. x2
The wight barely misses you.
The wight hits you from afar with a +4 trident.
You partially resist.
You feel drained.
You hit the wight.
The wight is severely damaged.
You constrict the wight.
You destroy the wight!
The wight misses you. The wight hits you with a +4 trident!
Things that are here:
9 gold pieces; a +0 hand axe; a +0 robe You hit the wight but do no damage.
You grab the wight. You constrict the wight. The wight misses you.
You hit the wight.
The wight is heavily damaged.
You constrict the wight, but do no damage.
The wight hits you with a +4 trident!
You hit the wight but do no damage.
The wight is heavily damaged.
You constrict the wight. The wight hits you with a +4 trident!
* * * LOW HITPOINT WARNING * * *
You hit the wight but do no damage.
The wight is heavily damaged.
You constrict the wight. The wight hits you with a +4 trident!!
* * * LOW HITPOINT WARNING * * *
It was a potion of curing.
You feel better.
You constrict the wight. The wight hits you with a +4 trident!
* * * LOW HITPOINT WARNING * * *
A wight comes into view. It is wielding a +5 long sword.
You feel better.
You constrict the wight. The wight hits you with a +4 trident!
You die...
Your body crumbles into a pile of gold.

#............###..
#.######..........
#.# ##.....##..
#.# ##....###. #.#
##.......
#####.### #.#.####
#.......# #.#.# #
#.###.#.# ##+#.# #
#@#.# ##..... .
#z# # ##.....####
.z# ##.......##.
#..z #.........#.
...[ +.........'.
##...#
#.........#. #...#
#.......##. #.#.#
##.....####
##...##


You could see 3 wights.

Vanquished Creatures
  A water moccasin (D:5)
  A black bear (D:5)
  2 phantoms
  A scorpion (D:5)
  A wight (D:6)
  3 hounds (D:5)
  3 jellies
  4 orc priests
  3 iguanas
  An orc wizard (D:5)
  A gnoll (D:5)
  5 adders
  A shadow imp (D:4)
  The ghost of Azuregosa the Sneak, a weakling OpDe (D:5)
  3 dart slugs
  26 orcs
  5 ball pythons
  2 endoplasms
  2 giant cockroaches
  8 goblins
  8 hobgoblins
  4 jackals
  6 kobolds
  4 quokkas (D:1)
  5 bats
  5 frilled lizards
  4 rats
110 creatures vanquished.

Notes
Turn   | Place    | Note
-------+----------+-------------------------------------------
     0 | D:5      | Azuregosa the Octopode Delver began the quest for the Orb.
     0 | D:5      | Reached XP level 1. HP: 16/16 MP: 1/1
    45 | D:5      | Found a staircase to the Ecumenical Temple.
    55 | Temple   | Entered the Ecumenical Temple
    78 | D:5      | Noticed an iguana
   216 | D:4      | Noticed an orc priest
   267 | D:3      | Noticed an iguana
   319 | D:3      | Reached skill level 7 in Stealth
   319 | D:3      | Reached XP level 2. HP: 20/21 MP: 2/2
   367 | D:3      | Reached XP level 3. HP: 26/26 MP: 3/3
   486 | D:2      | Reached skill level 8 in Stealth
   578 | D:2      | Reached XP level 4. HP: 31/31 MP: 4/4
   724 | D:2      | Learned a level 2 spell: Blink
   832 | D:5      | Reached skill level 9 in Stealth
   854 | Temple   | Became a worshipper of Gozag Ym Sagoz the Greedy
   966 | D:1      | Found Nuenoen's Vocational Training.
   976 | D:1      | Reached XP level 5. HP: 36/36 MP: 5/5
  2069 | D:2      | Found a faded altar of an unknown god.
  2528 | D:4      | Reached skill level 10 in Stealth
  2620 | D:4      | Reached XP level 6. HP: 41/42 MP: 6/6
  2840 | D:5      | Reached skill level 11 in Stealth
  2907 | D:5      | HP: 2/42 [phantom (7)]
  2911 | D:5      | Reached XP level 7. HP: 6/46 MP: 7/7
  2992 | D:5      | Reached skill level 12 in Stealth
  3329 | D:5      | Reached skill level 5 in Fighting
  3433 | D:5      | Noticed Azuregosa's ghost (weakling OpDe)
  3434 | D:5      | Found a runed translucent gate.
  3434 | D:5      | Found a runed translucent gate.
  3434 | D:5      | Found a runed translucent gate.
  3600 | D:5      | Found a glowing silver altar of Zin.
  3600 | D:5      | Noticed an angel
  3640 | D:5      | Reached XP level 8. HP: 46/55 MP: 8/8
  3884 | D:5      | Killed Azuregosa's ghost
  3972 | D:6      | Found an iron altar of Okawaru.
  4221 | D:6      | HP: 1/57 [wight/+4 trident (18)]
  4223 | D:6      | Slain by a wight

Illustrated notes

Levels and vault maps discovered:
D:1:      dpeg_arrival_orchard, layout_basic, serial_forest,
          infiniplex_forest_lined_3, infiniplex_forest_clump_cross,
          infiniplex_forest_lined_room_3, infiniplex_forest_straight_4,
          infiniplex_forest_corner_2, nicolae_shop_vocational
D:2:      layout_rooms, hellmonk_ecumenical_altar_defaced_shrine
D:3:      layout_basic, serial_bayou_lake_a
D:4:      layout_rooms, corexii_checkpoint
D:5:      layout_basic, zin_angel, temple_pool_b, biasface_ghost_orc_armoury,
          minmay_between
D:6:      layout_loops_corners, kennysheep_okawaru_gauntlet, kennysheep_potato
Temple:   eino_temple_water

Skill      XL: |  1  2  3  4  5  6  7  8 |
---------------+-------------------------+-----
Stealth        | 7 8 9 10 11 12 | 12.5
Fighting       | 5 6 |  6.3
Maces & Flails | |  2.0
Dodging        | |  2.0

Action                     |  1- 3 |  4- 6 |  7- 9 || total
---------------------------+-------+-------+-------++-------
  Melee: Scimitar          |    26 |    73 |       ||    99
         Constrict         |    10 |    26 |    21 ||    57
         Tentacles         |     5 |    31 |    21 ||    57
         Spear             |       |    57 |   113 ||   170
         Punch             |       |       |     1 ||     1
    Use: Scroll            |     1 |       |       ||     1
         Potion            |       |       |     2 ||     2
   Stab: Sleeping          |     3 |    30 |    10 ||    43
 Armour: Skin              |    13 |    54 |    67 ||   134
  Dodge: Dodged            |    30 |    65 |    61 ||   156

Table legend: (Time is in decaauts)
 A = Elapsed time spent in this place.
 B = Non-inter-level travel time spent in this place.
 C = Inter-level travel time spent in this place.
 D = Time resting spent in this place.
 E = Time spent auto-exploring this place.
 F = Levels seen in this place.
 G = Mean time per level.
                   A        B        C        D        E       F      G
               +--------+--------+--------+--------+--------+-----+--------+
         Total |   4282 |   4000 |    282 |    130 |   2486 |   7 |  611.7 |
       Dungeon |   4254 |   3981 |    273 |    130 |   2486 |   6 |  709.0 |
        Temple |     28 |     19 |      9 |      0 |      0 |   1 |   28.0 |
               +--------+--------+--------+--------+--------+-----+--------+

Top non-repeatable levels by time:
     D:5: 1282 daAuts
     D:1: 847 daAuts
     D:2: 709 daAuts
     D:3: 588 daAuts
     D:4: 554 daAuts
     D:6: 271 daAuts
  Temple: 28 daAuts
